 Dungeon Crawl Stone Soup version 0.19-a0-1008-g4c63d25 (webtiles) character file.

79 mistymad the Skirmisher (level 4, -2/39 (40) HPs)
             Began as a Ghoul Monk on July 22, 2016.
             Killed from afar by an orc wizard (11 damage)
             ... with a puff of flame
             ... on level 3 of the Dungeon.
             The game lasted 00:03:29 (2527 turns).

mistymad the Skirmisher (Ghoul Monk)                Turns: 2527, Time: 00:03:30

HP:   -2/39 (40)    AC:  3    Str: 15    XL:     4   Next: 38%
MP:   3/3           EV: 12    Int:  5    God:
Gold: 213           SH:  3    Dex: 11    Spells: 0 memorised, 3 levels left

rFire  . . .     SeeInvis .     a - +0 hand axe
rCold  + . .     Gourm    .     f - +0 leather armour
rNeg   + + +     Faith    .     (no shield)
rPois  ∞         Spirit   .     (no helmet)
rElec  .         Dismiss  .     (no cloak)
rCorr  .         Reflect  +     (no gloves)
SustAt .         Harm     .     (no boots)
MR     .....                    p - +3 amulet of reflection
Stlth  ++........               (no ring)
                                (no ring)

@: rotting, not resistant to hostile enchantments, unstealthy
A: rotting body, claws 1, carnivore 3, cold resistance 1, negative energy
resistance 3, slow regeneration 1, torment resistance, unbreathing
a: no special abilities


You were on level 3 of the Dungeon.
You were not hungry.

You visited 1 branch of the dungeon, and saw 3 of its levels.

You collected 213 gold pieces.

Inventory:

Hand Weapons
 a - a +0 hand axe (weapon)
Missiles
 o - a throwing net (quivered)
Armour
 f - a +0 leather armour (worn)
Jewellery
 g - an uncursed ring of protection from fire {unknown}
 p - a +3 amulet of reflection (around neck)
Wands
 w - a wand of polymorph (13/24)
Scrolls
 d - 4 scrolls of random uselessness {unknown}
 e - a scroll of fog {unknown}
 h - a scroll of remove curse {unknown}
 i - 2 scrolls of enchant armour {unknown}
 j - 2 scrolls of magic mapping {unknown}
 n - a scroll of immolation {unknown}
 q - 5 scrolls of identify {unknown}
Potions
 b - 2 potions of heal wounds {unknown}
 k - a potion of might {unknown}
 l - 2 potions of invisibility {unknown}
 m - a potion of magic {unknown}
 r - 3 potions of berserk rage {unknown}
 s - 2 potions of agility {unknown}
 u - a potion of haste {unknown}
 v - a potion of ambrosia {unknown}
Comestibles
 c - 3 meat rations
 t - 4 chunks of flesh


   Skills:
 + Level 3.8 Fighting
 + Level 3.4 Axes
 + Level 1.5 Armour
 + Level 3.1 Dodging
 - Level 2.1 Stealth


You had 3 spell levels left.
You didn't know any spells.

Dungeon Overview and Level Annotations

Branches:
Dungeon (3/15)

Altars:
The Shining One


Innate Abilities, Weirdness & Mutations

Your body is rotting away.
You thrive on raw meat.
You are immune to poison.
You have sharp fingernails.
You are carnivorous and can eat meat at any time.
Your flesh is cold resistant. (rC+)
You are immune to negative energy. (rN+++)
You regenerate slowly when monsters are visible.
You are immune to unholy pain and torment.
You can survive without breathing.


Message History

You bump into the rock wall.
Something hits you.
You take 1 damage, and have 23/39 hp.
You bump into the rock wall.
Something hits you.
You take 2 damage, and have 21/39 hp.
You bump into the rock wall.
Something hits you but does no damage.
You bump into the rock wall.
Something hits you.
You take 1 damage, and have 20/39 hp.
You bump into the rock wall.
Something barely misses you.
You bump into the rock wall.
You feel less confused. Something hits you.
You take 6 damage, and have 14/39 hp.
You closely miss something. Something hits you but does no damage.
You miss something. Something hits you.
* * * LOW HITPOINT WARNING * * *
You take 6 damage, and have 8/39 hp.
You hear some strange, mumbled words.
A puff of flame appears from out of thin air!
The puff of flame hits you!
You die...

#.# .. #.# ## #)# #.#
#)# #.# ##########.#
.....(..##.#########
#######.........@..#
####.#######.########.#
### #.# #..o..og...#
#.. ##.# ############
#.# #..# #...# #.# #.##
#.#.# #.# #.# #.#.# #.#
#.# #.#.# ####.# #.#
#%#.# #.....


You could see an orc.

Vanquished Creatures
  3 adders
  An ooze (D:1)
  2 dart slugs (D:2)
  3 giant geckos
  2 orcs (D:3)
  3 bats
  A giant cockroach (D:2)
  6 goblins
  2 hobgoblins
  3 quokkas
  A ball python (D:1)
  A giant newt (D:1)
  7 kobolds
  6 rats
41 creatures vanquished.

Notes
Turn   | Place    | Note
-------+----------+-------------------------------------------
     0 | D:1      | mistymad the Ghoul Monk began the quest for the Orb.
     0 | D:1      | Reached XP level 1. HP: 19/19 MP: 0/0
   402 | D:1      | Reached XP level 2. HP: 19/26 MP: 1/1
   989 | D:2      | Reached skill level 1 in Armour
   989 | D:2      | Reached XP level 3. HP: 23/31 MP: 2/2
  1762 | D:2      | Found a glowing golden altar of the Shining One.
  2075 | D:3      | Reached XP level 4. HP: 32/40 MP: 3/3
  2527 | D:3      | Killed from afar by an orc wizard

Vault maps used:
D:1:      dpeg_arrival_houses_and_road
D:2:      marbit_many_paths, first_bread, serial_bayou_ford_a,
          serial_park_tiny_pond, minmay_tetromino_s4

Skill      XL: |  1  2  3 |
---------------+----------+-----
Axes           | 3 |  3.4
Armour         | 1 |  1.5
Dodging        | 3 |  3.1
Fighting       | |  3.8
Stealth        | |  2.1

Action                   |  1- 3 |  4- 6 || total
-------------------------+-------+-------++-------
Melee: Hand axe          |   125 |    46 ||   171
 Stab: Sleeping          |     2 |     1 ||     3
  Eat: Chunk             |    11 |     2 ||    13
Armor: Leather armour    |    26 |     8 ||    34
Dodge: Dodged            |   101 |    18 ||   119
Block: Other             |    16 |     4 ||    20
